 Seeded DCSS version 0.30.1-11-g7821555f0a (webtiles) character file.

Game seed: 5 (custom seed)

1264 Kazon the Shield-Bearer (level 8, -7/48 HPs)
             Began as a Gargoyle Fighter on Dec 12, 2023.
             Was a Follower of Makhleb.
             Killed by divine providence
             ... invoked by an orc priest
              (10 damage)
             ... on level 6 of the Dungeon.
             The game lasted 00:17:38 (3673 turns).

Kazon the Shield-Bearer (Gargoyle Fighter)          Turns: 3673, Time: 00:17:38

Health: -7/48      AC: 34    Str: 22    XL:     8   Next: 52%
Magic:  0/19       EV:  4    Int:  9    God:    Makhleb [*.....]
Gold:   220        SH: 14    Dex: 15    Spells: 7/7 levels left

rFire   . . .        f - +0 hand axe (flame)
rCold   . . .        c - +0 tower shield
rNeg    + . .        s - +15 Maxwell's patent armour {-Cast -Tele rElec Will+ rCorr}
rPois   ∞            h - +0 helmet
rElec   +            (no cloak)
rCorr   +            (no gloves)
SInv    .            (no boots)
Will    +....        E - amulet of guardian spirit Stlth
                     q - ring of magical power
HPRegen 0.28/turn    B - +6 ring of dexterity
MPRegen 0.16/turn

%: no teleportation, no spellcasting, guardian spirit
@: no status effects
A: sickness immunity, AC +5, negative energy resistance 1, electricity
resistance, torment resistance 1, petrification resistance
a: Renounce Religion


You were on level 6 of the Dungeon.
You worshipped Makhleb.
Makhleb was aware of your devotion.
You visited 2 branches of the dungeon, and saw 7 of its levels.

You collected 220 gold pieces.

Inventory:

Hand Weapons
 a - a +0 flail
 e - a +2 vampiric dagger
 f - a +0 hand axe of flaming (weapon)
 j - a +0 hand axe
 w - the +2 sling "Qeuhanocyt" {speed, rElec Str-3 Dex+2}
   (You found it on level 3 of the Dungeon)

   Str:       It affects your strength (-3).
   Dex:       It affects your dexterity (+2).
   rElec:     It insulates you from electricity.
Missiles
 b - 24 stones (quivered)
 m - 3 poisoned darts
 u - 3 boomerangs
Armour
 c - a +0 tower shield (worn)
 h - a +0 helmet (worn)
 s - the +15 Maxwell's patent armour (worn) {-Cast -Tele rElec Will+ rCorr}
   (You acquired it on level 1 of the Dungeon)

   rElec:     It insulates you from electricity.
   -Cast:     It prevents spellcasting.
   -Tele:     It prevents most forms of teleportation.
   rCorr:     It protects you from acid and corrosion.
   Will:      It increases your willpower.
Jewellery
 q - a ring of magical power (left hand)
 B - a +6 ring of dexterity (right hand)
 E - an amulet of guardian spirit (around neck)
Wands
 z - a wand of paralysis (8)
Scrolls
 l - a scroll of blinking {unknown}
 n - a scroll of summoning {unknown}
 o - 2 scrolls of identify {unknown}
 p - 2 scrolls of magic mapping {unknown}
 t - 2 scrolls of teleportation {unknown}
 x - a scroll of amnesia {unknown}
 y - a scroll of fog {unknown}
 A - a scroll of torment {unknown}
 G - a scroll of poison {unknown}
Potions
 d - a potion of might
 g - a potion of resistance {unknown}
 i - 2 potions of invisibility {unknown}
 k - 3 potions of curing {unknown}
 r - 4 potions of flight {unknown}
 v - a potion of berserk rage {unknown}
 C - 2 potions of heal wounds {unknown}
 D - a potion of lignification {unknown}
 F - a potion of attraction {unknown}


   Skills:
 + Level 4.5 Fighting
 + Level 2.1(3.1) Axes
 + Level 3.9(4.3) Maces & Flails
 + Level 1.7 Ranged Weapons
 + Level 2.0 Throwing
 + Level 5.1 Armour
 + Level 0.6 Dodging
 + Level 6.2 Shields
 * Level 3.7 Invocations
 * Level 2.4 Evocations


You had 7 spell levels left.
You didn't know any spells.
Your spell library contained the following spells:

 Spells                   Type           Power      Damage    Failure   Level
 Frozen Ramparts          Ice            0%         1d1       100%        3
 Ignite Poison            Fire/Tmut/Pois 0%         N/A       100%        3
 Ice Form                 Ice/Tmut       0%         N/A       100%        4
 Sticky Flame             Conj/Fire      0%         2d3       100%        4
 Summon Ice Beast         Ice/Summ       0%         N/A       100%        4
 Summon Forest            Summ/Tloc      0%         N/A       100%        5
 Eringya's Noxious Bog    Tmut/Pois      0%         N/A       100%        6
 Summon Hydra             Summ           0%         N/A       100%        7
 Ignition                 Fire           0%         3d3       100%        8


Dungeon Overview and Level Annotations

Branches:
Dungeon (6/15)             Temple (1/1) D:4

Altars:
Dithmenos
Fedhas
Gozag
Hepliaklqana
Makhleb
Qazlal
Wu Jian
Xom
The Shining One


Innate Abilities, Weirdness & Mutations

You are immune to sickness and miasma.
Your stone body is resilient. (AC +5)
You are immune to poison.
You resist negative energy. (rN+)
You are resistant to electric shocks. (rElec)
You are resistant to unholy torment.
You are immune to petrification.


Message History

You closely miss something. Something hits you but does no damage.
You closely miss something.
The orc priest invokes the aid of Beogh against you.
Something writhes in agony.
You block something's attack. x2
You slash something! You burn something. Makhleb accepts your kill.
Reactivating autopickup.
You feel a bit more experienced.
You closely miss the orc priest. You block the orc priest's attack.
You hit the orc priest. You burn the orc priest.
The orc priest is heavily wounded.
The orc priest invokes the aid of Beogh against you.
Beogh smites you! You block the orc priest's attack.
You hit the orc priest. You burn the orc priest.
The orc priest is severely wounded.
The orc priest calls down the wrath of Beogh upon you.
Beogh smites you!
* * * LOW HITPOINT WARNING * * *
The orc priest hits you with a +0 short sword.
* * * LOW HITPOINT WARNING * * *
You hit the orc priest. You burn the orc priest.
The orc priest is almost dead.
The orc priest looks braver for a moment.
You block the orc priest's attack.
You hit the orc priest but do no damage.
The orc priest is almost dead.
The orc priest mumbles some strange prayers to Beogh against you.
Beogh smites you!
* * * LOW HITPOINT WARNING * * *
You block the orc priest's attack.
You hit the orc priest but do no damage.
The orc priest is almost dead.
The orc priest calls upon Beogh to heal the orc priest.
The orc priest is healed somewhat.
You block the orc priest's attack.
You hit the orc priest. You burn the orc priest.
The orc priest is almost dead.
The orc priest begins to cast a cantrip, but forgets the words!
The orc priest calls down the wrath of Beogh upon you.
Beogh smites you!
You die...

#....# #....# #....####
#.......#########
##....#...........
#.....#...........
#.#.#...#......... .
#.#.###.#......... ...
#@#.# #.##.####### ^.^.#
#o#)# #.##.#######
^_^...###o#.###.##........
.#..{........###.......
..{o..............'.>.....
...##....<...######.......
. ########## #....†..
#....... #....)..


You could see 2 orc priests.

Vanquished Creatures
  Sigmund (D:4)
  Duvessa (D:6)
  2 black bears (D:4)
  An ogre (D:5)
  2 scorpions
  Dowan (D:6)
  4 hounds
  A jelly (D:5)
  6 iguanas
  2 orc wizards (D:6)
  4 gnolls (D:5)
  9 adders
  2 ufetubi
  3 worms
  8 orcs
  4 bats
  9 endoplasms
  A giant cockroach (D:1)
  12 goblins
  7 hobgoblins
  11 jackals
  3 kobolds
  3 quokkas (D:4)
  6 ball pythons
  3 frilled lizards
  4 rats
110 creatures vanquished.

Notes
Turn   | Place    | Note
-------+----------+-------------------------------------------
     0 | D:1      | Kazon the Gargoyle Fighter began the quest for the Orb.
     0 | D:1      | Reached XP level 1. HP: 14/14 MP: 1/1
    51 | D:1      | Identified a scroll of acquirement
    51 | D:1      | Acquired the +15 Maxwell's patent armour {-Cast -Tele rElec
                  | Will+ rCorr}
    51 | D:1      | Found the +15 Maxwell's patent armour {-Cast -Tele rElec
                  | Will+ rCorr}
    76 | D:1      | Reached XP level 2. HP: 19/19 MP: 2/2
   322 | D:1      | Reached XP level 3. HP: 23/23 MP: 3/3
  1078 | D:2      | Reached skill level 1 in Throwing
  1078 | D:2      | Reached XP level 4. HP: 28/28 MP: 4/4
  1572 | D:2      | Reached skill level 4 in Shields
  1627 | D:3      | Found a blossoming altar of Fedhas.
  1721 | D:3      | Reached XP level 5. HP: 28/32 MP: 5/5
  1981 | D:3      | Identified the +2 sling "Qeuhanocyt" {speed, rElec Str-3
                  | Dex+2}
  2017 | D:3      | Found a stormy altar of Qazlal.
  2164 | D:3      | Found a faded altar of an unknown god.
  2211 | D:4      | Found a staircase to the Ecumenical Temple.
  2219 | Temple   | Entered the Ecumenical Temple
  2235 | Temple   | Became a worshipper of Makhleb the Destroyer
  2315 | D:4      | Noticed a black bear
  2345 | D:4      | Killed a black bear
  2346 | D:4      | Reached skill level 1 in Invocations
  2366 | D:4      | Noticed Sigmund
  2382 | D:4      | Killed Sigmund
  2383 | D:4      | Reached skill level 1 in Ranged Weapons
  2383 | D:4      | Reached XP level 6. HP: 38/38 MP: 7/7
  2410 | D:4      | Found a hazy altar of Hepliaklqana.
  2413 | D:4      | Found a shadowy altar of Dithmenos.
  2413 | D:4      | Noticed a shadow
  2568 | D:4      | Reached skill level 1 in Axes
  2568 | D:4      | Reached XP level 7. HP: 42/42 MP: 8/8
  2943 | D:4      | Reached skill level 5 in Shields
  2943 | D:4      | Reached skill level 1 in Evocations
  2994 | D:5      | Entered Level 5 of the Dungeon
  3167 | D:5      | Reached * piety under Makhleb
  3186 | D:5      | Reached XP level 8. HP: 48/48 MP: 10/10
  3386 | D:5      | Reached skill level 5 in Armour
  3447 | D:6      | Noticed Dowan
  3451 | D:6      | Noticed Duvessa
  3470 | D:6      | Killed Dowan
  3485 | D:6      | Killed Duvessa
  3562 | D:6      | Reached skill level 6 in Shields
  3619 | D:6      | Found a shimmering altar of Xom.
  3671 | D:6      | HP: 2/48 [orc priest/divine providence (9)]
  3673 | D:6      | Killed from afar by an orc priest

Illustrated notes

Levels and vault maps discovered:
D:1:      ebering_trefoil_3fold, layout_basic, st_stairs_14, serial_bayou_ford_a
D:2:      layout_basic, hangedman_decor_growths, minmay_close_crescents
D:3:      layout_rooms, mainiacjoe_overflow_concentric_impassable,
          mainiacjoe_overflow_paths, shapermc_ecumenical_altar_acropolis,
          chequers_serial_rivers_micro_b
D:4:      layout_basic, riverfiend_overflow_shadow_ancestor,
          minmay_temple_entry_glass, uniq_sigmund
D:5:      layout_gridville
D:6:      layout_basic, xom_teletrap_fun, uniq_duvessa
Temple:   nicolae_temple_elliptical

Skill      XL: |  1  2  3  4  5  6  7  8 |
---------------+-------------------------+-----
Armour         | 4 5 |  5.1
Throwing       | 1 2 |  2.0
Maces & Flails | 3 |  3.9
Shields        | 4 5 6 |  6.2
Invocations    | 1 2 3 |  3.7
Ranged Weapons | 1 |  1.7
Axes           | 1 2 |  2.1
Evocations     | 1 2 |  2.4
Fighting       | 4 |  4.5
Dodging        | |  0.6

Action                     |  1- 3 |  4- 6 |  7- 9 || total
---------------------------+-------+-------+-------++-------
  Melee: Flail             |    80 |    98 |       ||   178
         Hand axe          |    47 |   107 |   183 ||   337
   Fire: Sling             |       |     5 |    15 ||    20
  Throw: Stone             |       |     1 |    13 ||    14
         Dart              |       |       |    15 ||    15
    Use: Scroll            |     2 |       |       ||     2
         Potion            |     1 |       |       ||     1
 Armour: Scale mail        |    22 |       |       ||    22
         Plate armour      |    59 |   142 |   140 ||   341
  Dodge: Dodged            |    30 |    21 |    25 ||    76
  Block: Buckler           |    14 |       |       ||    14
         Tower shield      |    42 |   148 |   173 ||   363
